Map: Acropolis LE

Players

Vindicta

  • Race: Terran Terran
  • Spawn Location: 5:00

Scarlett - Winner!

  • Race: Zerg Zerg
  • Spawn Location: 11:00

VOD

Have the link to the VOD?

Description

Time

  • Played on: Sept. 7, 2019, 9:47 a.m.
  • Length: 18:45
Show
View Real Time Build Order
Export as new Build Order

Vindicta Terran 

Build Orders: Hellion Opening, Reaper Expand, Mech 

Get SALT Encoding   

  12  0:00  SCV  
  13  0:12  SCV  
  14  0:17  Supply Depot  
  14  0:24  SCV  
  15  0:38  SCV  
  15  0:39  Barracks  
  16  0:43  Refinery  
  16  0:50  SCV  
  17  1:02  SCV  
  18  1:15  SCV  
  19  1:27  Orbital Command, Reaper  
  20  1:42  Command Center  
  20  1:53  SCV  
  21  1:59  Marine  
  21  2:01  Supply Depot  
  22  2:05  SCV  
  23  2:11  Factory  
  24  2:22  SCV  
  24  2:25  Barracks Reactor  
  24  2:35  SCV  
  25  2:41  Refinery  
  25  2:47  SCV  
  26  2:56  Orbital Command  
  26  2:59  SCV, Starport  
  27  3:09  Hellion x2  
  27  3:11  SCV  
  27  3:12  Barracks Tech Lab  
  32  3:20  Supply Depot  
  32  3:23  SCV x2  
  34  3:31  Hellion x2  
  38  3:35  SCV  
  38  3:37  SCV  
  38  3:39  Viking  
  42  3:47  SCV  
  43  3:48  Supply Depot  
  43  3:49  SCV  
  43  3:52  Hellion  
  45  3:56  Hellion  
  45  3:59  SCV  
  45  4:01  SCV  
  49  4:11  SCV  
  50  4:18  Command Center  
  50  4:19  SCV  
  50  4:23  Hellion x2  
  55  4:26  SCV  
  55  4:28  Fusion Core  
  57  4:31  SCV  
  57  4:38  SCV  
  57  4:41  Refinery  
  57  4:42  Supply Depot, Refinery  
  57  4:43  SCV  
  62  5:04  SCV x2, Hellion x2  
  62  5:05  Supply Depot  
  65  5:16  SCV x2  
  65  5:17  Weapon Refit  
  67  5:26  Hellion  
  67  5:27  Hellion, Battlecruiser  
  67  5:28  SCV  
  78  5:29  Supply Depot  
  78  5:30  SCV  
  78  5:31  Orbital Command  
  79  5:40  SCV  
  80  5:42  Factory  
  80  5:45  SCV  
  80  5:46  Factory, Barracks Tech Lab  
  83  5:50  Hellion x2  
  83  5:52  SCV  
  86  5:59  Orbital Command  
  86  6:01  SCV  
  87  6:04  SCV, Armory  
  87  6:10  Refinery  
  90  6:11  Hellion x2  
  90  6:13  SCV  
  90  6:15  Refinery  
  90  6:18  SCV  
  94  6:21  Barracks Tech Lab  
  94  6:26  SCV x2  
  94  6:30  SCV  
  97  6:37  Supply Depot  
  97  6:38  Supply Depot, Battlecruiser  
  103  6:42  SCV  
  103  6:43  SCV  
  106  6:50  Mag-Field Accelerator, Cyclone  
  109  6:55  SCV, Terran Vehicle And Ship Armor Level 1  
  109  6:59  Siege Tank, SCV x2  
  109  7:00  Factory  
  114  7:01  Factory  
  114  7:05  Supply Depot  
  114  7:07  SCV  
  114  7:08  Supply Depot  
  115  7:11  SCV x2  
  115  7:13  Hellion x2  
  121  7:19  SCV  
  121  7:22  Cyclone  
  124  7:23  Engineering Bay  
  124  7:31  Siege Tank  
  124  7:32  SCV  
  124  7:36  Infernal Pre-Igniter  
  118  7:37  SCV  
  118  7:38  SCV  
  118  7:41  Supply Depot  
  120  7:46  Factory Tech Lab, Factory Reactor  
  120  7:48  Liberator  
  120  7:52  Missile Turret x2  
  120  7:54  Cyclone  
  120  7:55  SCV  
  120  7:57  Command Center  
  124  8:01  SCV x2  
  124  8:02  Advanced Ballistics  
  128  8:06  Hellion x2  
  128  8:09  Cyclone  
  128  8:11  SCV  
  137  8:13  SCV  
  137  8:19  Supply Depot  
  141  8:20  Supply Depot  
  141  8:27  Hellion  
  141  8:29  Hellion  
  141  8:30  Siege Tank  
  141  8:31  Drilling Claws  
  141  8:33  SCV  
  141  8:34  SCV, Barracks Reactor  
  147  8:37  Hellion  
  147  8:38  Liberator, Starport  
  147  8:41  Cyclone, SCV, Hellion  
  155  8:44  Supply Depot  
  155  8:45  Hellion, Supply Depot  
  155  8:46  SCV  
  158  8:48  Hellion  
  158  8:52  SCV  
  159  8:56  Widow Mine  
  164  9:06  Hellion x2  
  164  9:09  Cyclone, Hellion  
  175  9:10  SCV, Hellion  
  172  9:17  Neosteel Armor  
  172  9:20  SCV, Terran Vehicle And Ship Armor Level 2  
  172  9:21  Liberator  
  173  9:24  Thor  
  176  9:35  SCV  
  176  9:36  SCV  
  176  9:37  SCV  
  176  9:38  Liberator  
  179  9:40  Cyclone  
  179  9:43  Refinery  
  185  9:46  Siege Tank  
  185  9:50  Refinery  
  182  9:57  Hellion  
  182  9:58  Hellion, Widow Mine  
  183  10:02  Barracks Tech Lab  
  183  10:06  Planetary Fortress  
  171  10:12  Cyclone  
  170  10:21  Command Center  
  168  10:22  Command Center  
  168  10:24  Sensor Tower  
  168  10:28  Ghost Academy  
  168  10:30  Barracks x2  
  168  10:31  Widow Mine  
  168  10:32  Sensor Tower  
  162  10:37  Hellion x2  
  164  10:44  Armory  
  164  10:49  Hellion  
  166  10:50  Thor  
  166  10:51  Viking  
  169  10:57  Thor  
  169  11:01  Thor  
  180  11:06  Viking  
  180  11:08  Viking  
  182  11:17  Hellion  
  173  11:21  Viking  
  173  11:22  Command Center  
  164  11:33  Thor  
  164  11:35  Viking  
  143  11:40  Thor  
  143  11:45  SCV x3  
  135  11:49  Viking  
  135  11:52  Hellion x2  
  129  11:54  Thor  
  116  12:04  Hellion  
  110  12:10  SCV x2  
  110  12:11  SCV  
  109  12:18  Siege Tank, Hellion  
  106  12:22  SCV  
  106  12:23  SCV  
  106  12:26  Hellion x2  
  110  12:36  SCV x2  
  110  12:38  Hellion  
  110  12:40  Liberator  
  110  12:41  Hellion  
  110  12:42  Liberator  
  100  12:44  SCV  
  100  12:47  Hellion  
  100  12:49  SCV  
  100  12:51  SCV  
  98  12:53  Terran Vehicle Weapons Level 1  
  98  12:55  Hellion  
  102  13:01  SCV x2  
  102  13:03  SCV  
  106  13:06  Hellion  
  110  13:13  Hellion  
  110  13:14  SCV  
  110  13:16  Thor  
  110  13:17  SCV  
  119  13:23  Cyclone  
  121  13:28  SCV  
  121  13:29  Planetary Fortress  
  121  13:32  Hellion  
  121  13:33  Hellion  
  126  13:35  Refinery  
  126  13:36  Hellion  
  126  13:38  Hellion  
  126  13:39  Refinery  
  130  13:43  Viking x2  
  130  13:44  SCV  
  130  13:45  SCV x2  
  129  13:50  Supply Depot, Viking  
  129  13:51  Supply Depot  
  129  13:54  Hellion  
  135  14:02  SCV, Supply Depot  
  137  14:08  Cyclone x2  
  143  14:13  Viking x2  
  144  14:17  Command Center, Hellion  
  144  14:21  Cyclone  
  144  14:22  Hellion  
  149  14:24  Hellion  
  149  14:27  SCV  
  147  14:36  Hellion  
  143  14:39  Viking  
  143  14:40  Cyclone  
  143  14:42  Cyclone, Hellion  
  152  14:46  Liberator  
  152  14:47  SCV x2  
  138  14:54  Viking  
  138  14:59  Hellion x2  
  145  15:07  Liberator, SCV x2  
  150  15:22  Terran Vehicle And Ship Armor Level 3  
  150  15:24  Hellion  
  155  15:31  Liberator, Thor  
  155  15:34  Thor  
  164  15:38  Liberator  
  159  15:45  Thor  
  153  15:50  Liberator  
  153  15:54  Hellion x2  
  154  15:59  SCV  
  154  16:04  Ghost  
  155  16:06  Enhanced Shockwaves  
  155  16:09  Refinery  
  160  16:13  Refinery  
  160  16:16  Hellion  
  160  16:18  Planetary Fortress  
  162  16:19  Liberator  
  162  16:22  Thor  
  168  16:34  Liberator  
  168  16:38  Thor  
  177  16:42  SCV x2, Hellion  
  177  16:44  SCV  
  182  16:56  Ghost Academy, SCV  
  183  17:02  Liberator  
  183  17:07  Hellion  
  188  17:10  Hellion  
  190  17:17  SCV  
  190  17:18  SCV x2  
  190  17:30  Liberator  
  190  17:34  Viking  
  192  17:38  Thor  
  192  17:43  Nuke  
  195  17:44  Ghost  
  200  18:04  Orbital Command  
  165  18:14  Hellion x2  
  170  18:24  SCV  
  170  18:25  SCV  
  161  18:27  Missile Turret  
Show
View Real Time Build Order
Export as new Build Order

Scarlett Zerg - Winner!

Build Orders: Hatch First, Brood Lord Corruptor 

Get SALT Encoding   

  12  0:00  Drone  
  13  0:12  Overlord  
  13  0:16  Drone  
  14  0:30  Drone x2  
  16  0:47  Hatchery  
  15  0:50  Drone  
  15  0:54  Drone  
  17  0:57  Drone  
  18  1:08  Extractor  
  17  1:12  Spawning Pool  
  17  1:15  Drone  
  17  1:19  Drone  
  18  1:28  Drone  
  19  1:40  Drone  
  20  1:50  Overlord  
  20  1:58  Queen x2  
  20  1:59  Zergling x2  
  20  2:00  Zergling x2  
  26  2:07  Metabolic Boost  
  26  2:09  Drone  
  26  2:10  Drone  
  28  2:21  Drone  
  28  2:22  Drone  
  30  2:34  Drone x2  
  31  2:38  Queen  
  31  2:39  Pneumatized Carapace  
  31  2:42  Overlord  
  31  2:43  Drone  
  34  2:56  Drone  
  35  3:03  Drone  
  35  3:04  Drone  
  35  3:05  Drone  
  38  3:08  Drone x5  
  43  3:15  Overlord  
  43  3:19  Hatchery  
  42  3:25  Overlord, Drone  
  43  3:30  Overlord  
  43  3:40  Overlord, Drone x5  
  48  3:47  Extractor  
  47  3:48  Extractor  
  47  3:52  Zergling x8  
  47  3:55  Queen  
  52  3:59  Lair  
  52  4:06  Drone x2  
  54  4:12  Drone x4  
  58  4:20  Overlord x2, Baneling Nest  
  57  4:26  Overlord  
  57  4:30  Queen  
  59  4:38  Zergling x8  
  62  4:41  Drone x2  
  62  4:43  Queen  
  66  4:51  Drone  
  66  4:52  Drone x2  
  69  4:57  Drone  
  70  5:00  Overseer  
  70  5:02  Drone x4  
  70  5:03  Overlord x2  
  70  5:04  Drone x2  
  76  5:08  Baneling x4  
  76  5:09  Baneling  
  76  5:11  Drone x2  
  76  5:14  Centrifical Hooks  
  78  5:21  Spire, Extractor  
  78  5:22  Extractor  
  78  5:26  Drone  
  78  5:27  Drone x4  
  80  5:41  Roach Warren, Extractor, Drone, Evolution Chamber  
  80  5:42  Evolution Chamber, Drone x5  
  82  5:54  Queen x2  
  86  5:59  Spore Crawler, Drone x5  
  86  6:00  Drone x2  
  86  6:03  Spore Crawler  
  86  6:04  Spore Crawler  
  90  6:09  Drone x5  
  95  6:15  Zerg Melee Weapons Level 1, Zerg Missile Weapons Level 1  
  95  6:18  Overlord  
  95  6:21  Drone x3  
  98  6:28  Hatchery  
  97  6:33  Corruptor x2  
  97  6:36  Zerg Flyer Weapons Level 1  
  101  6:42  Baneling x3  
  101  6:43  Corruptor  
  101  6:44  Corruptor  
  105  6:56  Corruptor x3  
  105  6:57  Infestation Pit  
  110  7:07  Roach x6  
  122  7:11  Overlord x2  
  122  7:22  Extractor  
  119  7:23  Corruptor x2, Extractor  
  119  7:24  Overlord x2  
  121  7:35  Drone x13  
  134  7:38  Hive  
  134  7:50  Drone x6  
  134  7:51  Spine Crawler  
  139  7:55  Spore Crawler  
  138  8:03  Overlord x5  
  138  8:12  Hatchery  
  137  8:13  Zerg Melee Weapons Level 2, Zerg Missile Weapons Level 2  
  137  8:16  Infestor x3  
  143  8:21  Roach x5  
  143  8:24  Ravager  
  143  8:25  Ravager x2  
  156  8:27  Glial Reconstitution  
  156  8:32  Ravager  
  157  8:51  Overlord  
  155  9:02  Adrenal Glands, Greater Spire  
  151  9:10  Roach x11  
  151  9:12  Zergling x12  
  151  9:14  Ravager x4  
  180  9:22  Spine Crawler  
  180  9:23  Spine Crawler  
  178  9:31  Extractor  
  178  9:32  Extractor  
  176  9:43  Corruptor x3  
  183  9:45  Drone x7  
  183  9:46  Drone x3  
  183  9:49  Spine Crawler  
  181  10:03  Drone  
  181  10:04  Drone x2  
  181  10:15  Brood Lord  
  181  10:16  Brood Lord x6  
  195  10:24  Brood Lord, Spine Crawler  
  196  10:29  Hatchery  
  196  10:33  Brood Lord  
  195  10:36  Spine Crawler  
  195  10:38  Spine Crawler  
  195  10:41  Spine Crawler  
  195  10:42  Zerg Melee Weapons Level 3  
  188  10:49  Drone x3  
  188  10:52  Ravager x4  
  189  11:07  Drone x6  
  189  11:08  Spine Crawler, Drone x3  
  189  11:09  Spine Crawler  
  191  11:19  Zergling x16  
  198  11:30  Ravager  
  184  11:44  Corruptor  
  184  11:45  Corruptor x5  
  173  11:47  Zergling x24  
  171  11:58  Corruptor x2  
  171  11:59  Drone x6  
  171  12:00  Drone x4  
  157  12:09  Hatchery  
  145  12:20  Corruptor x3  
  151  12:24  Queen x3  
  151  12:25  Queen  
  138  12:43  Zerg Flyer Weapons Level 2  
  121  12:46  Drone x2  
  121  12:47  Drone  
  121  12:50  Roach x17  
  149  13:14  Burrow  
  149  13:15  Zerg Ground Armor Level 1  
  149  13:16  Pathogen Glands  
  149  13:19  Zerg Missile Weapons Level 3  
  149  13:20  Extractor  
  149  13:23  Extractor  
  147  13:30  Zergling x2  
  147  13:31  Zergling x26  
  147  13:32  Hatchery  
  160  13:43  Drone x6  
  165  14:00  Spine Crawler  
  164  14:03  Spine Crawler  
  164  14:04  Spine Crawler  
  164  14:05  Spore Crawler, Infestor x9  
  179  14:13  Neural Parasite  
  172  14:25  Baneling x10  
  172  14:29  Drone x2  
  172  14:30  Drone x3  
  168  14:33  Drone x2  
  168  14:34  Drone  
  168  14:37  Spore Crawler  
  169  14:51  Corruptor x2  
  169  14:52  Corruptor x3  
  177  14:55  Viper  
  177  14:59  Zerg Flyer Armor Level 1  
  175  15:07  Infestor x10  
  175  15:18  Brood Lord x5  
  185  15:31  Spore Crawler  
  185  15:35  Spore Crawler  
  182  15:44  Infestor x10  
  182  15:49  Drone x3  
  182  15:51  Spine Crawler x2  
  182  15:53  Spine Crawler  
  182  15:55  Brood Lord x7  
  193  15:58  Zerg Ground Armor Level 2  
  193  16:03  Zergling x2  
  193  16:04  Zergling x10  
  199  16:14  Spire  
  198  16:26  Ravager x3  
  198  16:32  Baneling x13  
  199  16:44  Extractor  
  198  16:53  Extractor  
  197  17:09  Corruptor  
  199  17:34  Spore Crawler x2  
  193  18:01  Spore Crawler  
  190  18:07  Corruptor x5  
  178  18:14  Drone x2  
  178  18:15  Drone  
  164  18:24  Spore Crawler  
  164  18:25  Drone x9  
Tags
 
Add a new tag
Caveats
  • Supply blocks, unpowered buildings, or Contaminate may cause inaccurate times.
  • Supply counts are checked every 10 seconds.